[Event "14e Open International de Quenza"]
[Site "Quenza, France"]
[Date "????.??.??"]
[Round "8.3"]
[White "Fressinet, Laurent"]
[Black "Pieri, Pierre-Louis"]
[Result "1-0"]
[TimeControl "5min+3s"]
[WhiteElo "2605"]
[BlackElo "2224"]

1. d4 Nf6 2. Nf3 d5 3. c4 e6 4. Nc3 a6 5. c5 Be7 6. Bf4 O-O 7. h3 b6 8. cxb6 cxb6 9. e3 Nc6 10.
Rc1 Bd7 11. Bd3 Qc8 12. O-O Qb7 13. Qe2 Rfc8 14. Ne5 Nxe5 15. Bxe5 b5 16. a3 g6 17. Qf3 Ne8 18. e4 dxe4 19. Bxe4 Bc6 20. d5 exd5 21.
Nxd5 Bg5 22. Rxc6 Rxc6 23. Nb4 Qe7 24. Nxc6 1-0

[Event "14e Open International de Quenza"]
[Site "Quenza, France"]
[Date "????.??.??"]
[Round "8.4"]
[White "Hou, Yifan"]
[Black "Sumets, Andrey"]
[Result "1-0"]
[TimeControl "5min+3s"]
[WhiteElo "2633"]
[BlackElo "2497"]

1. e4 c6 2. Nf3 d5 3. d3 dxe4 4. dxe4 Qxd1+ 5. Kxd1 Nf6 6. Nbd2 g6 7. a4 h5 8. Bc4 Bh6 9. Ke2 Bg4 10.
h3 Bxf3+ 11. Kxf3 Nbd7 12. Bd3 Ne5+ 13. Ke2 O-O-O 14. Nb3 Bxc1 15. Rhxc1 g5 16. a5 h4 17. Ra4 Nh5 18. Ke3 Nxd3 19.
cxd3 Nf4 20. d4 Nxg2+ 21. Kf3 Nf4 22. a6 Rh6 23. axb7+ Kxb7 24. Nc5+ Kc8 25. Rxa7 Ne6 26. Ra8+ Kc7 27. Ra7+ Kb8 28. Rb7+ Kc8 29. Rxe7 Nxc5 30. Rxc5 Rf6+ 31. Ke3 g4 32. hxg4 Rh8 33. Ra5 Kb8 34. Rea7 Rfh6 35. Ra8+ Kc7 36. R5a7+ Kd6 37. Rxh8 Rxh8 38. Ra1 h3 39. Rh1 Rb8 40. f3 Rb3+ 41. Kf4 Rd3 42. Rxh3 Rxd4 43. Rh6+ Kd7 44. Rf6 Rb4 45. Rxf7+ Kd6 46. g5 Rxb2 47. g6 Rg2 48. Kf5 c5 49. f4 c4 50. e5+ Kc6 51. Kf6 c3 52. Rf8 Kc7 53. Ra8 c2 54. Ra1 Kd7 55. f5 Rd2 56. Rc1 Ke8 57. Ke6 Rg2 58. f6 Kf8 59. g7+ Kg8 60. Ke7 Rf2 61.
Rxc2 1-0

[Event "14e Open International de Quenza"]
[Site "Quenza, France"]
[Date "????.??.??"]
[Round "8.5"]
[White "Roux, Baptiste"]
[Black "Johannsdottir, Johanna Bjorg"]
[Result "1-0"]
[TimeControl "5min+3s"]
[WhiteElo "2381"]
[BlackElo "1997"]

1. e4 g6 2. d4 Bg7 3. Be3 d6 4. h4 h5 5. Nh3 a6 6. Ng5 Nc6 7. a4 b6 8. f3 Nf6 9. d5 Ne5 10.
Bd4 O-O 11. a5 bxa5 12. Nc3 c5 13. Bxe5 dxe5 14. Qd2 Rb8 15. Nd1 Qb6 16. Qxa5 Nh7 17. Qxb6 Rxb6 18. Ra5 f5 19. Nxh7 Kxh7 20. Bd3 fxe4 21. Bxe4 c4 22.
Rc5 Bh6 23. Rxc4 Bd7 24. Rc7 Rd6 25. c4 Rd8 26. c5 Rf6 27. c6 Bc8 28. Rxe7+ Kh8 29. Nc3 Bf4 30. Kf2 a5 31. Ra1 Ba6 32. Rxa5 Bc4 33. Raa7 Rb8 34.
Rh7+ Kg8 35. Rag7+ Kf8 36. Rh8+ Kxg7 37. Rxb8 1-0

[Event "14e Open International de Quenza"]
[Site "Quenza, France"]
[Date "????.??.??"]
[Round "8.6"]
[White "Bellahcene, Bilel"]
[Black "Podvin, Antoine"]
[Result "1-0"]
[TimeControl "5min+3s"]
[WhiteElo "2513"]
[BlackElo "2037"]

1. e4 d5 2. exd5 Nf6 3. Nf3 Bg4 4. h3 Bxf3 5. Qxf3 Qxd5 6. Qxd5 Nxd5 7. c3 e5 8. g3 Nc6 9. Bg2 O-O-O 10. b4 f5 11. b5 Na5 12. d3 Bc5 13. O-O Rd7 14. Re1 Nf6 15. Bf1 Re8 16.
Nd2 e4 17. d4 Bd6 18. Nb3 Nxb3 19. axb3 Kb8 20. Bd2 h6 21. Ra4 c6 22.
Rea1 c5 23. Rxa7 Kc7 24. dxc5 Bxc5 25.
Bf4+ Bd6 26. b6+ Kc6 27. Be3 Bc5 28. Bxc5 Kxc5 29. R7a5+ Kxb6 30. Rb5+ Kc7 31. Rc5+ Kb6 32.
Rxf5 Rc8 33. Rb5+ Kc7 34. c4 Rcd8 35.
Rc5+ Kb6 36. Re5 Rd1 37. Rxd1 Rxd1 38. Kg2 Rb1 39. c5+ Kc6 40. Bc4 Rb2 41.
g4 Nd7 42. Rxe4 Nxc5 43. Re3 b5 44. Bf7 Kd6 45. h4 Kc6 46. g5 hxg5 47. hxg5 Kd6 48. g6 Nd7 49. Kg3 Nf6 50. Re6+ Kd7 51. Rxf6 1-0

[Event "14e Open International de Quenza"]
[Site "Quenza, France"]
[Date "????.??.??"]
[Round "8.7"]
[White "Toktomushev, Teimur"]
[Black "Morison, Julien"]
[Result "1-0"]
[TimeControl "5min+3s"]
[WhiteElo "2401"]
[BlackElo "1942"]

1. d4 Nf6 2. c4 g6 3. Nc3 d5 4. cxd5 Nxd5 5. e4 Nxc3 6. bxc3 c5 7. Nf3 Bg7 8. Be3 O-O 9. Qd2 Qa5 10. Rc1 Bg4 11. d5 f5 12. exf5 Bxf3 13. gxf3 Rxf5 14. Bh3 Rf8 15. Be6+ Kh8 16.
h4 Rxf3 17. h5 g5 18. Ke2 Rf8 19. Bxg5 Qa4 20. Rh4 Qa6+ 21. c4 Qa3 22. Rh3 Qa4 23. Bxe7 Na6 24. Rg3 Bd4 25. Rg2 Qa3 26. h6 Qf3+ 27. Kf1 Rf4 28. Qe2 Qxe2+ 29. Kxe2 Re8 30. Bg5 Rff8 31. Be3 Nc7 32. Bh3 Rf6 33. Kd3 Bxe3 34. fxe3 Rxh6 35. Bf5 Na6 36. a3 b5 37. cxb5 Nc7 38. e4 Nxb5 39. Rxc5 Nd6 40. Be6 Rd8 41. Rc6 Rh4 42.
Rxd6 Rf8 43. Kd4 Rh1 44. Rd7 Rd1+ 45. Ke5 Rh1 46.
Rdg7 Rh5+ 47. R7g5 Rh6 48. Rg8+ 1-0

[Event "14e Open International de Quenza"]
[Site "Quenza, France"]
[Date "????.??.??"]
[Round "8.8"]
[White "Skripchenko, Almira"]
[Black "Roubert, Emile"]
[Result "1-0"]
[TimeControl "5min+3s"]
[WhiteElo "2359"]
[BlackElo "2055"]

1. e4 e5 2. Nf3 Nc6 3.
Bb5 a6 4. Ba4 Nf6 5. Nc3 b5 6. Bb3 Be7 7. d3 d6 8. a4 b4 9. Nd5 Rb8 10. h3 O-O 11. Nxf6+ Bxf6 12. g4 Nd4 13.
Nxd4 exd4 14. Qf3 Be6 15. h4 Bxb3 16. cxb3 Qd7 17. Kd1 Rfe8 18. g5 Be7 19. Qh3 Qe6 20. Qxe6 fxe6 21. f4 Rf8 22. Bd2 c5 23. Ke2 g6 24.
h5 Kg7 25. Raf1 Rf7 26. Rf3 Rbf8 27. hxg6 hxg6 28. Rfh3 Rg8 29. Kf3 Kf8 30. Kg4 e5 31. f5 gxf5+ 32. exf5 Ke8 33. Rh8 Rff8 34. Rxg8 Rxg8 35. Rh7 1-0

[Event "14e Open International de Quenza"]
[Site "Quenza, France"]
[Date "????.??.??"]
[Round "8.9"]
[White "Ratier-Fontana, Matteo"]
[Black "Depau, Alessandro"]
[Result "1-0"]
[TimeControl "5min+3s"]
[WhiteElo "2275"]
[BlackElo "1940"]

1. Nf3 Nf6 2. d4 c6 3. Bf4 d5 4. e3 Qb6 5. Qc1 Bf5 6. Nbd2 Nbd7 7. c3 h6 8. Be2 Rc8 9. b4 Ne4 10.
Nxe4 Bxe4 11. O-O e6 12. a3 Be7 13. c4 O-O 14. c5 Qd8 15. b5 Bf6 16. Bd6 Re8 17. bxc6 Rxc6 18. Rb1 Bxb1 19. Qxb1 Rxd6 20. cxd6 b6 21. Bb5 Rf8 22. Qb4 e5 23. dxe5 Nxe5 24. Nxe5 Bxe5 25. d7 Qc7 26. f4 Bd6 27.
Qd4 a6 28. Bxa6 Qxd7 29. Qxd5 Qe7 30. e4 Bxa3 31. Rd1 Qc5+ 32. Qxc5 bxc5 33. Bc4 Kh7 34. e5 Bb2 35. Rd7 Bd4+ 36.
Kf1 Kg6 37. g4 Be3 38. Bd3+ f5 39. Bxf5+ Rxf5 40. gxf5+ Kxf5 41. Rf7+ Ke6 42. Rxg7 Bxf4 43. h3 Kxe5 44. Ke2 Kd4 45. Rd7+ Kc3 46. Rd3+ Kc4 47. Rf3 Bg5 48. h4 Bc1 49. Rf1 Bb2 50. Rf5 Kb4 51.
Kd3 Bc1 52. Kc2 Be3 53. Rf6 Kc4 54. Re6 Bf4 55. Re4+ Kd5 1-0

[Event "14e Open International de Quenza"]
[Site "Quenza, France"]
[Date "????.??.??"]
[Round "8.10"]
[White "Utrera, Ludovic"]
[Black "Tomasi, Albert"]
[Result "0-1"]
[TimeControl "5min+3s"]
[WhiteElo "2118"]
[BlackElo "2287"]

1. e4 c5 2. Nc3 d6 3. d4 cxd4 4. Qxd4 e5 5. Bb5+ Nd7 6. Qd3 h6 7. Be3 Ngf6 8. Nge2 Be7 9. Ng3 a6 10.
Bc4 Nb6 11. Bb3 O-O 12. O-O Be6 13. Rad1 Rc8 14. Nd5 Nfxd5 15. exd5 Bd7 16. Nf5 Re8 17. c3 Bf8 18. Bc2 e4 19. Qd4 Nc4 20. Bxe4 Nxb2 21.
Bc2 Nxd1 22. Rxd1 Qa5 23. c4 Qxa2 24. Qd3 g6 25. Nxh6+ Bxh6 26. Bxh6 Qxc4 27. Qxc4 Rxc4 0-1

[Event "14e Open International de Quenza"]
[Site "Quenza, France"]
[Date "????.??.??"]
[Round "8.11"]
[White "Guillemart, Serge"]
[Black "Ternault, Mathieu"]
[Result "1-0"]
[TimeControl "5min+3s"]
[WhiteElo "2135"]
[BlackElo "2276"]

1. d4 e6 2. c4 b6 3. Nc3 Bb4 4. Nf3 Bb7 5. Qc2 Nf6 6. a3 Bxc3+ 7. Qxc3 d6 8. Bg5 h6 9. Bh4 Nbd7 10.
e3 Qe7 11. Bd3 a5 12. Rc1 a4 13. Bb1 Ra5 14. Bc2 g5 15. Bg3 g4 16. Nh4 Ne4 17. Bxe4 Bxe4 18. O-O Rh5 19. f3 Bb7 20.
d5 e5 21. Qe1 Rg8 22. fxg4 Rxg4 23. Nf5 Qg5 24. Qf2 Qg6 25. Nh4 Qg8 26. Qe2 Nc5 27. Rf6 Rhxh4 28. Bxh4 Rxh4 29. Rcf1 Bc8 30. Rxf7 Rg4 31. Rf8+ Qxf8 32. Rxf8+ Kxf8 33. h3 Rg6 34. Kh2 Kg7 35. Qf2 Ne4 36. Qh4 Nf6 37. c5 bxc5 38. Qxa4 Bf5 39. Qc6 Be4 40. Qxc7+ Kh8 41. g3 h5 42.
a4 Nxd5 43. Qd8+ Kh7 44. a5 Nxe3 45. Qf8 h4 46. g4 Nd5 47. Qf7+ Kh6 48. a6 Nf4 49. a7 Rg7 50. Qf6+ Ng6 51. Qxd6 Rxa7 52. Qxc5 Rb7 53. Qc3 Rf7 54. Qd2+ Kh7 55.
b4 Rf3 56. Qg5 Rf2+ 57. Kg1 Rg2+ 58. Kf1 Rb2 59. Qh5+ Kg7 60. g5 Rb1+ 61. Kf2 Rb2+ 62. Ke3 Bg2 63. Qh6+ Kf7 64. Qh7+ Kf8 65. Qxg6 Bxh3 66.
Qf6+ Kg8 67. g6 Rb3+ 68.
Ke4 1-0

[Event "14e Open International de Quenza"]
[Site "Quenza, France"]
[Date "????.??.??"]
[Round "8.12"]
[White "Bonelli Maestracci, Pierre Joseph"]
[Black "Deladerriere, Calypso"]
[Result "1-0"]
[TimeControl "5min+3s"]
[WhiteElo "2098"]
[BlackElo "2060"]

1. e4 c5 2. Nf3 e6 3. c3 d5 4. e5 d4 5. d3 Nc6 6. Qe2 Nge7 7. g3 Ng6 8. Bg2 Be7 9.
O-O O-O 10. Re1 Rb8 11. h4 Re8 12. h5 Nf8 13. Nbd2 Nd7 14. h6 g6 15. Ne4 Ndxe5 16. Nxe5 Nxe5 17. Bf4 f6 18. Nxf6+ Bxf6 19. Bxe5 Ra8 20. c4 Rf8 21. f4 a5 22. Bxf6 Qxf6 23. Qe5 Qe7 24. Rf1 Rf5 25. Qe2 Qf8 26. Bh3 Rf7 27. Rae1 Ra6 28. Qe5 Qxh6 29. Bg4 Qf8 30. Rf2 Rc6 31. Rfe2 Rb6 32.
b3 Ra6 33. Qg5 Rf6 34. Qe5 Rc6 35. Bf3 Ra6 36. Bg4 Rc6 37. Bh3 Ra6 38. Qg5 Rc6 39. Re5 Kg7 40. Qg4 Rf5 41. Qf3 Rxe5 42. Rxe5 Qf7 43. Qe4 Ra6 44. Rxc5 Bd7 45. Qxd4+ Kf8 46. Re5 a4 47. b4 a3 48. b5 Ra8 49. Qd6+ Kg7 50. Bxe6 Bxe6 51. Qxe6 Rd8 52. Qxf7+ Kxf7 53.
Re3 b6 54. Kf2 1-0

[Event "14e Open International de Quenza"]
[Site "Quenza, France"]
[Date "2025.07.06"]
[Round "9.1"]
[White "Dardha, Daniel"]
[Black "Fressinet, Laurent"]
[Result "1-0"]
[TimeControl "5min+3s"]
[WhiteElo "2627"]
[BlackElo "2605"]

1. e4 e5 2. Nf3 Nc6 3. Bc4 Nf6 4. d3 Bc5 5. Nc3 a6 6. Be3 Bxe3 7. fxe3 d6 8. a4 Be6 9. b3 O-O 10.
O-O Nb4 11. Qd2 Qe7 12. Ne2 d5 13. exd5 Bxd5 14. Bxd5 Nfxd5 15. e4 Nf6 16. Ng3 Qc5+ 17. Kh1 Rad8 18. Rac1 Nc6 19. Qg5 Ne8 20. Nf5 f6 21. Qh5 g6 22.
Qg4 Kh8 23. Ng3 Qe7 24. Rf2 Nd6 25. Rcf1 Rf7 26. Qh4 Rdf8 27. Re2 f5 28. Qxe7 Rxe7 29. exf5 Nxf5 30. Rfe1 Nfd4 31.
Nxd4 Nxd4 32. Rxe5 Rxe5 33. Rxe5 Nxc2 34. Rc5 Nd4 35. Rxc7 b5 36. axb5 axb5 37. b4 Ra8 38. h4 Nf5 39. Nxf5 gxf5 40. Rc5 f4 41.
Rxb5 Rd8 42. Rf5 Rd4 43. b5 Kg7 44. b6 Kg6 45. Rb5 Rd8 46. b7 1-0

[Event "14e Open International de Quenza"]
[Site "Quenza, France"]
[Date "2025.07.06"]
[Round "9.2"]
[White "Hou, Yifan"]
[Black "Maurizzi, Marc Andria"]
[Result "1-0"]
[TimeControl "5min+3s"]
[WhiteElo "2633"]
[BlackElo "2604"]

1. e4 c6 2. Nf3 d5 3. d3 g6 4. e5 Bg7 5. d4 f6 6. exf6 Nxf6 7. Be2 O-O 8. O-O Bf5 9. c4 Nbd7 10. Nc3 e6 11. Nh4 Ne4 12.
Nxf5 gxf5 13. f3 Nd6 14. cxd5 cxd5 15. Bf4 Qb6 16. Kh1 Nf7 17. Nb5 Rac8
18. a4 a6 19. a5 Qd8 20. Nd6 Nxd6 21. Bxd6 Re8 22. Ra4 Nb6 23.
Rb4 Qxd6 24. Rxb6 Qe7 25. Re1 Rc7 26. f4 Qf6 27. Bf3 Qxd4 28. Rbxe6 Rxe6 29. Bxd5 Rce7 30. Qxd4 Bxd4 31. Rxe6 Rxe6 32. Bxe6+ Kg7 33. b3 Bc3 34. Bxf5 Bxa5 35. Bc8 h5 36.
g3 Kf6 37. Bxb7 1-0

[Event "14e Open International de Quenza"]
[Site "Quenza, France"]
[Date "2025.07.06"]
[Round "9.3"]
[White "Bellahcene, Bilel"]
[Black "Roux, Baptiste"]
[Result "1-0"]
[TimeControl "5min+3s"]
[WhiteElo "2513"]
[BlackElo "2381"]

1. e4 c5 2. Nf3 Nc6 3.
Bb5 e6 4. Bxc6 bxc6 5. d3 Ne7 6.
h4 h5 7.
Qe2 f6 8. b3 e5 9. c4 d6 10. Nc3 Bg4 11. Qe3 Ng6 12. Ng1 Be7 13. g3 Qd7 14. f3 Be6 15. Bd2 Rb8 16. O-O-O Nf8 17.
Qf2 Bf7 18. Nge2 Ne6 19. g4 Nd4 20. Rdg1 hxg4 21. fxg4 Kd8 22. Ng3 Be6 23. Nf5 g6 24. Nxe7 Kxe7 25. Qg2 Rbf8 26. Be3 Kd8 27. Kb2 Kc7 28.
Na4 Rf7 29. Rh3 f5 30. gxf5 gxf5 31. exf5 Bxf5 32. Rg3 Rxh4 33. Qd2 Kb7 34. Rg8 Nf3 35. Qa5 Qc7 36. Qxc7+ Rxc7 37. Rf1 Rh3 38. Rf8 Bg4 39.
Ka3 Re7 40. b4 cxb4+ 41. Kxb4 c5+ 42. Ka5 Nh2 43. Rb1+ Kc7 44. Bg5 Rg7 45. Bd8+ Kd7 46. Rb7+ Kc6 47. Rxg7 Rxd3 48. Rc7+ Kd5 1-0

[Event "14e Open International de Quenza"]
[Site "Quenza, France"]
[Date "2025.07.06"]
[Round "9.4"]
[White "Lagarde, Maxime"]
[Black "Ratier-Fontana, Matteo"]
[Result "1-0"]
[TimeControl "5min+3s"]
[WhiteElo "2618"]
[BlackElo "2275"]

1. e4 d6 2. d4 Nf6 3. Nc3 e5 4. Nf3 Nbd7 5. h3 Be7 6. g4 h6 7. Be3 c6 8. a4 Qc7 9. Qd2 Nf8 10.
d5 Bd7 11. a5 cxd5 12. exd5 Ng6 13. Rg1 e4 14. Nd4 Ne5 15. a6 bxa6 16. Rxa6 g5 17. Rg3 Kf8 18. Nc6 Nxc6 19. dxc6 Bxc6 20.
Bd4 Rg8 21. Nb5 Qd7 22. c4 d5 23. Bxf6 Bxf6 24. cxd5 Bxb5 25. Rxf6 Bxf1 26. Kxf1 Rg6 27. Rxg6 fxg6 28. Qd4 Rd8 29.
Qf6+ Kg8 30. Qxg6+ Qg7 31. Qxe4 Kh8 32. b3 Rf8 33. Rf3 Rd8 34. Kg2 Rd6 35. Qe8+ 1-0

[Event "14e Open International de Quenza"]
[Site "Quenza, France"]
[Date "2025.07.06"]
[Round "9.5"]
[White "Tomasi, Albert"]
[Black "Terrieux, Kevin"]
[Result "0-1"]
[TimeControl "5min+3s"]
[WhiteElo "2287"]
[BlackElo "2394"]

1. e4 c5 2. Nf3 d6 3. d4 cxd4 4. Nxd4 Nf6 5. Nc3 Bd7 6. g3 Nc6 7. Nb3 g6 8. Bg2 Bg7 9. O-O Qc8 10.
Re1 Bh3 11. Bh1 h5 12. Bg5 h4 13. Nd5 hxg3 14. hxg3 Ng4 15. c3 Rh5 16. Be3 Nxe3 17. Nxe3 Ne5 18. Nd4 Bh6 19. f4 Bg4 20.
Nxg4 Nxg4 21. Bf3 Rh3 22. Kg2 Rh2+ 23. Kg1 Nf2 24. Qa4+ Kf8 25. Kxh2 Qh3+ 26. Kg1 Qxg3+ 27. Kf1 Nd3 28.
Re2 Nxf4 29. Qb5 e5 30. Qxb7 Re8 31. Bg2 exd4 32. cxd4 Nxe2 33. Kxe2 Qxg2+ 34. Kd3 Qf3+ 0-1

[Event "14e Open International de Quenza"]
[Site "Quenza, France"]
[Date "2025.07.06"]
[Round "9.6"]
[White "Sumets, Andrey"]
[Black "Bonelli Maestracci, Pierre Joseph"]
[Result "1-0"]
[TimeControl "5min+3s"]
[WhiteElo "2497"]
[BlackElo "2098"]

1. d4 Nf6 2. c4 b6 3. Nc3 Bb7 4. a3 e6 5. Nf3 Be7 6. d5 exd5 7. cxd5 O-O 8. e4 Re8 9. Bd3 c6 10. dxc6 Nxc6 11.
O-O Bf8 12. Bg5 h6 13. Bh4 Be7 14. Re1 d6 15. Rc1 Rc8 16.
h3 Ne5 17. Bb5 Rf8 18. Bg3 a6 19. Bf1 Nxf3+ 20. Qxf3 Re8 21. Rcd1 Qc7 22. Qd3 Rcd8 23. Qd4 Qc5 24. Qd3 Qc7 25. Bf4 Qc6 26. Rc1 Qd7 27. Qd4 d5 28. Qxb6 dxe4 29. Red1 Qc6 30. Qxc6 Bxc6 31. Bxa6 g5 32. Bc7 Rxd1+ 33. Nxd1 Bd5 34. Ne3 Be6 35. a4 Ra8 36. Bb5 Rc8 37. Rc2 Nd5 38. Bg3 Nxe3 39. Rxc8+ Bxc8 40. fxe3 f5 41. Be5 Bb4 1-0

[Event "14e Open International de Quenza"]
[Site "Quenza, France"]
[Date "2025.07.06"]
[Round "9.7"]
[White "Pieri, Pierre-Louis"]
[Black "Toktomushev, Teimur"]
[Result "0-1"]
[TimeControl "5min+3s"]
[WhiteElo "2224"]
[BlackElo "2401"]

1. e4 c5 2. Nc3 e6 3. Nge2 a6 4.
g3 b5 5. Bg2 Bb7 6. d4 cxd4 7. Nxd4 Nf6 8. O-O b4 9. Na4 Bxe4 10. Bxe4 Nxe4 11. Re1 Nc5 12. c3 Nxa4 13. Qxa4 Bc5 14. Nb3 Be7 15. cxb4 O-O 16.
Be3 Nc6 17. Nc5 Ne5 18. Red1 d5 19. Rac1 Bf6 20. Nxa6 d4 21. b5 Qd5 22. Bf4 Nf3+ 23. Kf1 Nxh2+ 24. Kg1 Nf3+ 25. Kf1 e5 26. Bd2 Nxd2+ 27. Rxd2 Qh1+ 28. Ke2 Qxc1 29. Qb4 e4 0-1

[Event "14e Open International de Quenza"]
[Site "Quenza, France"]
[Date "2025.07.06"]
[Round "9.8"]
[White "Guillemart, Serge"]
[Black "Skripchenko, Almira"]
[Result "0-1"]
[TimeControl "5min+3s"]
[WhiteElo "2135"]
[BlackElo "2359"]

1. e4 d5 2. exd5 Qxd5 3.
Nc3 Qd8 4. d4 Nf6 5. Be2 Bf5 6.
Nf3 e6 7. O-O c6 8. h3 Nbd7 9. Be3 Bd6 10. Qd2 Qc7 11. a4 a5 12. Rfe1 O-O 13. Nh4 Bg6 14. Nxg6 hxg6 15. Rad1 Rad8 16.
Bf3 Bb4 17. Qd3 Nb6 18. Bd2 Nbd7 19. Qc4 Bd6 20. Ne4 Nxe4 21. Bxe4 Nf6 22. Bd3 Bh2+ 23. Kh1 Bf4 24. c3 Rd5 25. Bf1 Rfd8 26. Bxf4 Qxf4 27. Qe2 Rf5 28.
Kg1 Rfd5 29. Rd3 Qd6 30. Rf3 c5 31. dxc5 Qxc5 32. Qc2 Rd2 33. Qb3 b6 34. Bc4 R8d6 35. Bb5 Qg5 36. Rg3 Qc5 37. Rf3 R6d5 38. Bc4 Rf5 39.
Rxf5 gxf5 40. Rf1 Ne4 41. Bxe6 fxe6 42. Qxe6+ Kh7 43. Qf7 Nf6 44. b4 axb4 45. cxb4 Qxb4 46. Qe6 Qc5 47. Qf7 Qd5 48.
Qc7 Qd4 49. Qc8 Qf4 50. Qc1 Ne4 51. g3 Nxg3 0-1

[Event "14e Open International de Quenza"]
[Site "Quenza, France"]
[Date "2025.07.06"]
[Round "9.9"]
[White "Calistri, Tristan"]
[Black "Chen, Muxi"]
[Result "1-0"]
[TimeControl "5min+3s"]
[WhiteElo "2198"]
[BlackElo "2224"]

1. e4 c5 2. Nc3 Nc6 3. Nge2 g6 4. d4 cxd4 5. Nxd4 Bg7 6. Be3 Nf6 7. Bc4 Qa5 8.
O-O O-O 9. Bb3 d6 10. h3 Bd7 11. Re1 Rac8 12. Qe2 Nxd4 13. Bxd4 b5 14. Rad1 b4 15. Nd5 Nxd5 16. exd5 Bxd4 17.
Rxd4 Qc5 18. Qd2 a5 19. Rxe7 Bf5 20. g4 a4 21. Bxa4 Bxc2 22. Bxc2 Qxc2 23. Qxc2 Rxc2 24. Rxb4 Rd2 25. Rb5 Kg7 26. a4 Kf6 27.
Re3 Rc8 28. a5 Rd1+ 29. Kg2 Ra1 30. b4 Rc4 31. Rb6 Kg7 32. a6 Rc2 33. b5 Rc5 34. Rb7 Rxd5 35. a7 Rd2 36. b6 Rb2 37. Rf3 Kh6 38. h4 f5 39.
g5+ Kh5 40. Rf4 1-0

[Event "14e Open International de Quenza"]
[Site "Quenza, France"]
[Date "2025.07.06"]
[Round "9.10"]
[White "Lovichi, Raphael"]
[Black "Deladerriere, Apollo"]
[Result "1/2-1/2"]
[TimeControl "5min+3s"]
[WhiteElo "1808"]
[BlackElo "2131"]

1. e4 c6 2. Nf3 d5 3. Nc3 dxe4 4. Nxe4 Nf6 5. Qe2 Nxe4 6.
Qxe4 Nd7 7. Bc4 Nf6 8. Ne5 e6 9. Qe3 Qc7 10. f4 b5 11. Bb3 Bd6 12. d4 a5 13. c3 Bb7 14. O-O h6 15.
Qg3 Rg8 16. f5 exf5 17. Rxf5 O-O-O 18. Bf4 a4 19. Bxf7 Bxe5 20. dxe5 Qxf7 21. exf6 gxf6 22. Qf2 Qg6 23. Bg3 Rgf8 24.
Rf1 h5 25. Rxf6 Rxf6 26. Qxf6 Qxf6 27. Rxf6 Rd1+ 28. Rf1 Rxf1+ 29. Kxf1 Kd7 30. Ke2 c5 31. Bf4 Bxg2 32. h4 Ke6 33.
Ke3 a3 34. bxa3 Bd5 35. Kd3 Bxa2 36.
Bg5 Kd5 37. Kc2 Kc4 38. Bf6 Bb3+ 39. Kb2 Bd1 40. Be5 Kd3 41. Bf6 Kc4 42. Be5 Kd5 43. Bf6 Ba4 44. Bg5 Ke4 45. Bf6 Kd3 46. Be5 Ke4 47. Bf6 Kf5 48. Bg5 Kg4 49. Kc1 Kf3 50. Kd2 Ke4 51. Bf6 Kf5 52. Bg5 Ke6 53. Kc1 Ke5 54. Kb2 Kd5 55.
Be7 Bd1 56. Bg5 Kc4 57. Bf6 Kd3 58.
Be5 Ke4 59. Bf6 Kf5 60. Bg5 Be2 61.
Kc2 Bf3 62. Kb2 Ke6 63. Kc2 Kd6 64. Kb2 Ke6 65. Kc2 Kd6 66. Kb2 Ke6 67.
Kc2 1/2-1/2

[Event "14e Open International de Quenza"]
[Site "Quenza, France"]
[Date "2025.07.06"]
[Round "9.11"]
[White "Johannsdottir, Johanna Bjorg"]
[Black "Terpereau, Albin"]
[Result "1-0"]
[TimeControl "5min+3s"]
[WhiteElo "1997"]
[BlackElo "1881"]

1. e4 e6 2. d3 d5 3. Nd2 Nf6 4. Ngf3 dxe4 5. dxe4 Bc5 6. h3 O-O 7. Be2 a6 8.
c3 b5 9.
O-O Bb7 10. Qc2 Nbd7 11. e5 Nd5 12. Ne4 Ba7 13. Neg5 g6 14. Ne4 Nc5 15. Bg5 Qd7 16. Nf6+ Nxf6 17. exf6 Rfd8 18. Rad1 Qc6 19.
Qc1 Ne4 20. Bh4 Bc5 21. Ne5 Qe8 22. Bf3 Nd6 23. Rxd6 cxd6 24. Bxb7 Ra7 25. Bc6 Qf8 26. Ng4 Rc7 27. Bf3 b4 28.
c4 d5 29. b3 dxc4 30. bxc4 Rd3 31. Qf4 Bd6 32. Qe4 Rd2 33. Bg5 Rxa2 34. Bh6 Qc8 35. Bg7 h5 36. Nh6+ Kh7 37. Qe3 Bf8 38. g4 Ra3 39. Qf4 Bxg7 40. fxg7 Kxg7 41. gxh5 Rxc4 42.
Qxf7+ Kxh6 43. Qxg6# 1-0

[Event "14e Open International de Quenza"]
[Site "Quenza, France"]
[Date "2025.07.06"]
[Round "9.12"]
[White "De Seroux, Camille"]
[Black "Kurt, Sascha"]
[Result "0-1"]
[TimeControl "5min+3s"]
[WhiteElo "2039"]
[BlackElo "2303"]

1. e4 c5 2. Nc3 d6 3. f4 g6 4.
Nf3 Bg7 5. a3 Nc6 6. Bc4 e6 7. d3 Nge7 8. Ba2 Rb8 9. O-O O-O 10. Qe1 Nd4 11. Nxd4 Bxd4+ 12. Kh1 b5 13. Ne2 Bg7 14.
Ng3 d5 15. Be3 Bxb2 16. Bxc5 d4 17. e5 Bc3 18. Qf2 Bb7 19. Rab1 Qd7 20. Bxa7 Ra8 21. Bc5 Rfc8 22. Bxe7 Qxe7 23.
f5 exf5 24. Nxf5 gxf5 25. Qxf5 Rc7 26. Rf4 Kh8 27. Bxf7 Rxa3 28. e6 Rc5 29. Qh3 Rg5 30. Rg4 Ra1 31. Rxa1 Bxa1 32. Rxg5 Qxg5 33. Bh5 Qc1+ 0-1